 Dungeon Crawl Stone Soup version 0.22.1-1-ga44c0e56f4 (webtiles) character file.

9842 Cykl0x the Cleaver (level 11, -3/68 HPs)
             Began as a Gargoyle Fighter on Nov 9, 2018.
             Was a High Priest of Okawaru.
             Slain by a spatial vortex (5 damage)
             ... summoned by a spatial maelstrom
             ... on level 1 of the Abyss.
             The game lasted 00:32:48 (9615 turns).

Cykl0x the Cleaver (Gargoyle Fighter)               Turns: 9615, Time: 00:32:49

Health: -3/68      AC: 26    Str: 21      XL:     11   Next: 52%
Magic:  11/11      EV: 21    Int: 10      God:    Okawaru [*****.]
Gold:   685        SH: 12    Dex:  9 (10) Spells: 10/10 levels left

rFire    . . .     SeeInvis .   a - +1 war axe
rCold    . . .     Gourm    .   c - +1 shield
rNeg     + + .     Faith    .   B - +1 plate armour
rPois    ∞         Spirit   .   h - +0 helmet
rElec    +         Reflect  .   n - +0 cloak {MR+}
rCorr    .         Harm     .   u - +0 pair of gloves
MR       +....                  (no boots)
Stlth    ..........             o - amulet of the acrobat
HPRegen  0.21/turn              r - +2 ring of slaying
MPRegen  0.12/turn              I - ring of positive energy

@: no status effects
A: negative energy resistance 1, electricity resistance, unbreathing,
petrification resistance, rot immunity, AC +8
a: Heroism, Finesse, Renounce Religion


You were on level 1 of the Abyss.
You worshipped Okawaru.
Okawaru was extremely pleased with you.
You were very hungry.

You visited 1 branch of the dungeon, and saw 11 of its levels.
You visited the Abyss 1 time.
You also visited: Ossuary.

You collected 685 gold pieces.

Inventory:

Hand Weapons
 a - a +1 war axe (weapon)
Missiles
 b - 4 steel tomahawks
 g - 2 javelins of penetration (quivered)
 m - 15 tomahawks
 A - 2 tomahawks of returning
 D - 8 javelins of returning
Armour
 c - a +1 shield (worn)
 h - a +0 helmet (worn)
 n - a +0 cloak of magic resistance (worn)
 u - a +0 pair of gloves (worn)
 B - a +1 plate armour (worn)
Jewellery
 o - an amulet of the acrobat (around neck)
 r - a +2 ring of slaying (left hand)
 G - an uncursed ring of fire
 I - a ring of positive energy (right hand)
Wands
 v - a wand of scattershot (4)
 x - a wand of flame (36)
 y - a wand of random effects (46)
 z - a wand of disintegration (16)
 H - a wand of clouds (6)
 J - a wand of acid (6)
Scrolls
 e - 8 scrolls of amnesia
 q - 4 scrolls of teleportation
 s - 10 scrolls of remove curse
 E - a scroll of blinking
Potions
 d - a potion of might
 i - a potion of haste
 j - 4 potions of flight
 k - 2 potions of heal wounds
 l - a potion of berserk rage
 p - a potion of curing
 t - 2 potions of resistance {unknown}
 w - 4 potions of lignification {unknown}
 C - a potion of invisibility {unknown}
 F - a potion of ambrosia {unknown}
Comestibles
 f - 15 rations


   Skills:
 + Level 7.9 Fighting
 + Level 11.5 Axes
 + Level 2.2 Throwing
 + Level 6.9 Armour
 + Level 2.0 Dodging
 + Level 1.2 Stealth
 + Level 9.8 Shields


You had 10 spell levels left.
You didn't know any spells.
Your spell library contained the following spells:

 Spells                   Type           Power        Failure   Level  Hunger
 Flame Tongue             Conj/Fire      #....        100%        1    ##.....
 Magic Dart               Conj           #...         100%        1    ##.....
 Blink                    Tloc           N/A          100%        2    ###....
 Call Imp                 Summ           #.......     100%        2    ###....
 Slow                     Hex            #.......     100%        2    ###....
 Throw Flame              Conj/Fire      #.....       100%        2    ###....
 Conjure Flame            Conj/Fire      #.......     100%        3    ####...
 Inner Flame              Hex/Fire       #.......     100%        3    ####...
 Mephitic Cloud           Conj/Pois/Air  #.......     100%        3    ####...
 Sticky Flame             Conj/Fire      #.......     100%        4    #####..
 Fireball                 Conj/Fire      #.........   100%        5    ######.


Dungeon Overview and Level Annotations

Branches:
Dungeon (11/15)            Temple (0/1) D:4            Lair (0/6) D:11
    Orc (0/2) D:11

Altars:
Cheibriados
Elyvilon
Fedhas
Okawaru
Qazlal

Shops:
D:8 [   D:11 *

Annotations:
D:5 3 runed doors, Morbidden's ghost, novice VSFi
D:10 3 runed doors, vierth's ghost, journeyman MiFi
D:11 Sonja


Innate Abilities, Weirdness & Mutations

You are resistant to torment.
Your stone body is resilient. (AC +8)
You are immune to poison.
You resist negative energy. (rN+)
You are resistant to electric shocks. (rElec)
You can survive without breathing.
You are immune to petrification.
You are immune to rotting.


Message History

You block the thrashing horror's attack. x2
A spatial vortex comes into view.
The thrashing horror roars!
You block the thrashing horror's attack.
The thrashing horror completely misses you.
A spatial vortex comes into view.
The thrashing horror roars!
You block the thrashing horror's attack. x2
The spatial maelstrom barely misses you.
The spatial maelstrom hits you but does no damage.
You block the spatial vortex's attack.
The thrashing horror tramples you but does no damage.
The thrashing horror closely misses you.
Found a scroll of amnesia.
A spatial vortex comes into view.
The thrashing horror roars!
The spatial vortex hits you!
* * * LOW HITPOINT WARNING * * *
Space bends around you.
You die...

. ..... .. . .... ... .
.... ....# ... # #....#
# #. #.
∩##....########## #..
##..##..#........# #..
#v.....#.#. ..# ..
#...#@v.....##.nW.# ##
#.vXv...v.#..#.#..np
#..#....#...#.#####...
#.##..##v...vp....#....
#....# ##v....###.#..##
#...##...#.#### #. #
...#? #...### # #.#.#
#.## #.## ..#


You could see a death knight, a spatial maelstrom, 7 spatial vortices and a
thrashing horror.

Vanquished Creatures
  An unseen horror (D:10)
  A deep elf mage (D:9)
  An ugly thing (D:10)
  A gargoyle (D:11)
  3 trolls
  A hippogriff (D:11)
  A shadow (Abyss:1)
  2 steam dragons (D:6)
  2 hungry ghosts
  2 wargs (D:11)
  A soldier ant (D:11)
  2 water moccasins
  2 orc warriors
  5 sky beasts
  7 ogres
  An ice beast (D:10)
  3 phantoms
  3 black bears
  3 wolves (D:11)
  5 centaurs
  4 big kobolds
  An elf zombie (D:6)
  5 bullfrogs
  A gnoll sergeant (D:8)
  4 scorpions
  5 killer bees (D:8)
  5 wights (D:7)
  5 electric eels (D:11)
  2 howler monkeys
  2 quasits
  3 bullfrog zombies
  A centaur zombie (Ossuary)
  4 crimson imps
  2 centaur skeletons
  4 hounds
  A jelly (D:10)
  Crazy Yiuf (D:2)
  3 human zombies (Ossuary)
  5 orc priests
  A bullfrog skeleton (D:6)
  3 human skeletons (D:6)
  An iguana (D:8)
  13 orc wizards
  9 worker ants
  A big kobold zombie (Ossuary)
  A hound zombie (D:6)
  2 mummies (Ossuary)
  A hound skeleton (D:10)
  A worker ant zombie (D:11)
  8 gnolls (D:8)
  A howler monkey skeleton (D:10)
  15 adders
  3 shadow imps
  2 oozes
  2 adder zombies
  6 adder skeletons
  2 worms (D:3)
  4 dart slugs
  8 leopard geckos
  52 orcs
  7 giant cockroaches
  4 goblins
  15 hobgoblins
  6 jackals
  32 kobolds
  7 quokkas
  3 ball pythons (D:1)
  6 bats
  3 frilled lizards
  2 goblin zombies (Ossuary)
  6 hobgoblin zombies (Ossuary)
  A jackal zombie (Ossuary)
  13 kobold zombies (Ossuary)
  2 orc skeletons (D:6)
  7 orc zombies (Ossuary)
  2 quokka skeletons
  7 rats
  2 rat zombies (Ossuary)
366 creatures vanquished.

Vanquished Creatures (others)
  An orc wizard (D:6)
  2 orcs (D:6)
  A quokka (D:8)
4 creatures vanquished.

Grand Total: 370 creatures vanquished

Notes
Turn   | Place    | Note
-------+----------+-------------------------------------------
     0 | D:1      | Cykl0x the Gargoyle Fighter began the quest for the Orb.
     0 | D:1      | Reached XP level 1. HP: 14/14 MP: 1/1
   195 | D:1      | Reached XP level 2. HP: 19/19 MP: 2/2
   416 | D:1      | Reached skill level 2 in Axes
   465 | D:1      | Reached XP level 3. HP: 23/23 MP: 3/3
   856 | D:2      | Reached XP level 4. HP: 27/29 MP: 4/4
  1259 | D:2      | Reached skill level 3 in Axes
  1437 | D:2      | Found a runed door.
  1441 | D:2      | Noticed Crazy Yiuf
  1448 | D:2      | Killed Crazy Yiuf
  1448 | D:2      | Reached XP level 5. HP: 12/33 MP: 5/5
  1620 | D:2      | Found an iron altar of Okawaru.
  1628 | D:2      | Became a worshipper of Warmaster Okawaru
  1822 | D:3      | Reached skill level 1 in Dodging
  2263 | D:3      | Reached XP level 6. HP: 38/38 MP: 6/6
  2401 | D:3      | Noticed a fire elemental
  2402 | D:3      | Found a stormy altar of Qazlal.
  2413 | D:3      | Noticed a water elemental
  2413 | D:3      | Noticed an air elemental
  2627 | D:4      | Noticed a phantom
  2667 | D:4      | Killed a phantom
  2667 | D:4      | Reached skill level 4 in Axes
  2875 | D:4      | Found a staircase to the Ecumenical Temple.
  3124 | D:4      | Found a blossoming altar of Fedhas.
  3274 | D:5      | Entered Level 5 of the Dungeon
  3369 | D:5      | Reached skill level 1 in Stealth
  3369 | D:5      | Reached skill level 5 in Shields
  3369 | D:5      | Reached XP level 7. HP: 43/43 MP: 7/7
  3924 | D:5      | Reached * piety under Okawaru
  3924 | D:5      | Reached skill level 5 in Axes
  3997 | D:5      | Found a runed gate.
  4104 | D:5      | Noticed Morbidden's ghost (novice VSFi)
  4105 | D:5      | Found a runed gate.
  4105 | D:5      | Found a runed gate.
  4308 | D:6      | Reached XP level 8. HP: 47/48 MP: 8/8
  4344 | D:6      | Found a snail-covered altar of Cheibriados.
  4445 | D:6      | Reached skill level 6 in Axes
  4448 | D:6      | Found a sand-covered staircase.
  4461 | Ossuary  | Entered an ossuary
  4598 | Ossuary  | Reached ** piety under Okawaru
  4802 | D:6      | Reached skill level 7 in Axes
  4809 | D:6      | Reached skill level 5 in Fighting
  4916 | D:6      | Reached XP level 9. HP: 29/54 MP: 9/9
  4935 | D:6      | Reached skill level 5 in Armour
  5034 | D:6      | Reached *** piety under Okawaru
  5371 | D:6      | Reached skill level 8 in Axes
  5371 | D:6      | Reached skill level 1 in Throwing
  5715 | D:7      | Reached **** piety under Okawaru
  5741 | D:7      | Reached skill level 9 in Axes
  5971 | D:7      | Reached XP level 10. HP: 53/60 MP: 10/10
  6538 | D:8      | Found a white marble altar of Elyvilon.
  6575 | D:8      | Reached skill level 10 in Axes
  6718 | D:8      | Found Liatsutin's Armour Boutique.
  7084 | D:9      | Reached ***** piety under Okawaru
  7187 | D:9      | Noticed a deep elf mage
  7207 | D:9      | Killed a deep elf mage
  7321 | D:9      | Received a gift from Okawaru
  7692 | D:10     | Entered Level 10 of the Dungeon
  7734 | D:10     | Received a gift from Okawaru
  8133 | D:10     | Found a runed gate.
  8134 | D:10     | Found a runed gate.
  8135 | D:10     | Found a runed gate.
  8137 | D:10     | Noticed vierth's ghost (journeyman MiFi)
  8385 | D:10     | Reached XP level 11. HP: 67/67 MP: 11/11
  8386 | D:10     | Noticed a brown ugly thing
  8410 | D:10     | Killed a brown ugly thing
  8465 | D:10     | Reached skill level 11 in Axes
  8577 | D:10     | Killed an unseen horror
  9083 | D:11     | Found a staircase to the Lair.
  9233 | D:11     | Found a staircase to the Orcish Mines.
  9370 | D:11     | Found Jelatrofi's Elemental Accessories.
  9444 | D:11     | Noticed Sonja
  9470 | D:11     | Cast into level 1 of the Abyss (Sonja)
  9569 | Abyss:1  | Noticed a death knight
  9578 | Abyss:1  | Noticed a phantasmal warrior
  9588 | Abyss:1  | Noticed a ghoul
  9591 | Abyss:1  | Noticed a thrashing horror
  9607 | Abyss:1  | Noticed a spatial maelstrom
  9615 | Abyss:1  | HP: 2/68 [spatial vortex[a spatial maelstrom] (15)]
  9615 | Abyss:1  | Slain by a spatial vortex

Skill      XL: |  1  2  3  4  5  6  7  8  9 10 11 |
---------------+----------------------------------+-----
Axes           | 2 3 4 5 7 9 10 11 | 11.5
Shields        | 4 5 6 7 9 |  9.8
Dodging        | 1 2 |  2.0
Fighting       | 4 5 7 |  7.9
Armour         | 4 5 6 |  6.9
Stealth        | 1 |  1.2
Throwing       | 1 2 |  2.2

Action                   |  1- 3 |  4- 6 |  7- 9 | 10-12 || total
-------------------------+-------+-------+-------+-------++-------
Melee: War axe           |   111 |   301 |   524 |   519 ||  1455
Throw: Javelin           |       |     4 |    10 |    22 ||    36
       Tomahawk          |       |       |       |     5 ||     5
  Use: Scroll            |       |     7 |     5 |     6 ||    18
       Potion            |       |       |     1 |     2 ||     3
 Stab: Invisible         |       |     2 |       |       ||     2
  Eat: Chunk             |       |     8 |     7 |    11 ||    26
       Ration            |       |       |     1 |     2 ||     3
Armor: Scale mail        |    75 |   146 |       |       ||   221
       Chain mail        |       |    62 |   206 |       ||   268
       Plate armour      |       |       |    80 |   356 ||   436
Dodge: Dodged            |    42 |    89 |   116 |   192 ||   439
Block: Shield            |    69 |   191 |   251 |   392 ||   903
